 Dungeon Crawl Stone Soup version bcrawl-1.41.1 (webtiles) character file.

Game seed: 15332081657430477239

170482 Grimmash the Sneak (level 5, 0/30 HPs)
             Began as a Skeleton Archaeologist on Apr 20, 2024.
             Slain by a worker ant (1 damage)
             ... on level 3 of the Dungeon.
             The game lasted 00:04:17 (2409 turns).

Grimmash the Sneak (Skeleton Archaeologist)         Turns: 2409, Time: 00:04:17

Health: 0/30       AC:  7    Str: 18      XL:     5   Next: 56%
Magic:  0/8        EV: 12    Int: 12 (13) God:
Gold:   158        SH:  0    Dex:  6 (7)  Spells: 8/8 levels left

rFire    . . .     GDR:     19% a - +0 war axe
rCold    + . .     SeeInvis .   (no shield)
rNeg     + + +     Gourm    .   l - +1 robe {RegenMP}
rPois    ∞         Faith    .   d - +1 hat
rElec    .         Spirit   +   (no cloak)
rCorr    .         Reflect  .   (no gloves)
MR       .....                  h - +2 pair of boots {run}
Stlth    ++........             (no amulet)
HPRegen  0.15/turn              (no ring)
MPRegen  0.22/turn              (no ring)

@: quick
A: no food or potions, cold resistance 1, deterioration 1, negative energy
resistance 3, torment resistance, unbreathing, magic shield, sturdy frame 1,
spell healing
a: no special abilities


You were on level 3 of the Dungeon.
You were not hungry.

You visited 1 branch of the dungeon, and saw 4 of its levels.

You collected 158 gold pieces.

Inventory:

Hand Weapons
 a - a +0 war axe (weapon)
 b - a +0 blowgun
 n - a +0 flail
Missiles
 f - 3 curare-tipped needles
Armour
 d - a +1 hat (worn)
 e - a +1 pair of boots
 h - a +2 pair of boots of running (worn)
 l - a +1 robe of magic recovery (worn)
 m - a +1 leather armour of cold resistance
Jewellery
 p - a cursed ring of protection from cold
Scrolls
 c - 4 scrolls of remove curse {unknown}
 g - 2 scrolls of revelation
 j - a scroll of noise {unknown}
 k - 2 scrolls of immolation {unknown}
 o - a scroll of teleportation {unknown}


   Skills:
 * Level 2.2 Fighting
 * Level 1.0(2.1) Axes
 * Level 3.1(3.2) Maces & Flails
 * Level 1.5 Armour
 * Level 4.1 Dodging
 + Level 4.2 Stealth
 * Level 2.1 Spellcasting


You had 8 spell levels left.
You didn't know any spells.
Your spell library was empty.

Dungeon Overview and Level Annotations

Branches:
Dungeon (4/12)             Temple (0/1) D:4

Altars:
Okawaru

Annotations:
D:4 Blork the orc


Innate Abilities, Weirdness & Mutations

You do not eat or drink.
You are immune to poison.
Your flesh is cold resistant. (rC+)
Your body sometimes deteriorates upon taking damage.
You are immune to negative energy. (rN+++)
You are immune to unholy pain and torment.
You can survive without breathing.
When hurt, damage is shared between your health and your magic reserves.
Your movements are slightly less encumbered by armour. (ER -2)
Casting spells heals you.


Message History

The gnoll is almost dead.
You hit the worker ant. You closely miss the worker ant.
The worker ant bites you but does no damage. x2
The gnoll closely misses you. The worker ant bites you.
* * * LOW HITPOINT WARNING * * *
Your body deteriorates!
You feel dopey. The worker ant barely misses you. The gnoll closely misses you.
No path to travel!
You hit the gnoll.
You kill the gnoll!
You closely miss the worker ant. x2; The worker ant bites you.
* * * LOW HITPOINT WARNING * * *
The worker ant closely misses you. x2; The worker ant bites you.
* * * LOW HITPOINT WARNING * * *
Your base Axes skill increases to level 1!
No path to travel!
You can't drink.
Unknown command.
The worker ant bites you.
You die...

........
...#####
..#.#
.....#
#.#.#
...#.#
#...#
...#.#
#....
..##.# ...#
####.####.#
..#
<...<.....#
#.##
###########
#@a######
#>a......
#########


You could see 2 worker ants.

Vanquished Creatures
  A sky beast (D:3)
  A gnoll (D:3)
  2 adders (D:3)
  An ooze (D:2)
  3 dart slugs
  4 leopard geckos
  4 orcs
  6 bats
  3 giant cockroaches
  9 hobgoblins
  9 jackals
  8 kobolds
  3 quokkas (D:2)
  A frilled lizard (D:2)
  5 goblins
  A quokka skeleton (D:2)
  7 rats
68 creatures vanquished.

Notes
Turn   | Place    | Note
-------+----------+-------------------------------------------
     0 | D:1      | Grimmash the Skeleton Archaeologist began the quest for the
                  | Orb.
     0 | D:1      | Reached XP level 1. HP: 12/12 MP: 1/1
   216 | D:1      | Reached XP level 2. HP: 16/16 MP: 2/2
   824 | D:2      | Noticed a sky beast
   834 | D:1      | Reached XP level 3. HP: 15/20 MP: 4/4
  1014 | D:2      | Reached skill level 1 in Spellcasting
  1424 | D:2      | Found a glowing silver altar of Zin.
  1672 | D:2      | Reached XP level 4. HP: 25/25 MP: 5/5
  1679 | D:2      | Reached skill level 1 in Armour
  1937 | D:3      | Found an iron altar of Okawaru.
  2031 | D:3      | Killed a sky beast
  2032 | D:3      | Reached XP level 5. HP: 7/30 MP: 6/8
  2032 | D:3      | Identified a scroll of acquirement
  2033 | D:3      | Identified the +3 demon trident of Focus {flame, Int+4}
                  | (You acquired it on level 3 of the Dungeon)
  2033 | D:3      | Identified the ring of Tearim Gaoda {rF+ MR+} (You acquired
                  | it on level 3 of the Dungeon)
  2033 | D:3      | Identified a +2 pair of boots of running (You acquired it
                  | on level 3 of the Dungeon)
  2361 | D:4      | Found a staircase to the Ecumenical Temple.
  2389 | D:4      | Noticed Blork the orc
  2408 | D:3      | HP: 1/30 [worker ant (3)]
  2409 | D:3      | Reached skill level 1 in Axes
  2409 | D:3      | Slain by a worker ant

Skill      XL: |  1  2  3  4  5 |
---------------+----------------+-----
Stealth        | 4 |  4.2
Spellcasting   | 1 2 |  2.1
Maces & Flails | 2 3 |  3.1
Armour         | 1 |  1.5
Fighting       | 2 |  2.2
Dodging        | 4 |  4.1
Axes           | 1 |  1.0

Action                   |  1- 3 |  4- 6 || total
-------------------------+-------+-------++-------
Melee: Whip              |   242 |     8 ||   250
       War axe           |       |    50 ||    50
 Fire: Blowgun           |       |     3 ||     3
  Use: Scroll            |       |     4 ||     4
 Stab: Sleeping          |     7 |     4 ||    11
Armor: Robe              |   113 |    48 ||   161
Dodge: Dodged            |   197 |    79 ||   276
